 Dungeon Crawl Stone Soup version 0.28-a0-1080-g05a166d0ed (webtiles) character file.

Game seed: 4627240179097135378

28 spiderkeys the Ducker (level 2, -1/18 HPs)
             Began as a Deep Elf Abyssal Knight on Dec 10, 2021.
             Was a Follower of Lugonu.
             Slain by Terence (4 damage)
             ... on level 1 of the Dungeon.
             The game lasted 00:01:51 (1586 turns).

spiderkeys the Ducker (Deep Elf Abyssal Knight)     Turns: 1586, Time: 00:01:52

Health: -1/18      AC:  5    Str: 10    XL:     2   Next: 96%
Magic:  5/5        EV: 12    Int: 14    God:    Lugonu [*.....]
Gold:   71         SH:  0    Dex: 15    Spells: 1/1 levels left

rFire   . . .      SeeInvis .   a - +2 short sword (freeze)
rCold   . . .      Faith    .   (no shield)
rNeg    . . .      Spirit   .   b - +0 leather armour
rPois   .          Reflect  .   i - +1 hat {Will+}
rElec   .          Harm     .   (no cloak)
rCorr   .          Rampage  .   (no gloves)
Will    +....                   h - +0 pair of boots
Stlth   +.........              (no amulet)
HPRegen 0.06/turn               (no ring)
MPRegen 0.09/turn               (no ring)

@: no status effects
A: no striking features
a: Renounce Religion, Depart the Abyss


You were on level 1 of the Dungeon.
You worshipped Lugonu.
Lugonu was aware of your devotion.
You visited 1 branch of the dungeon, and saw 2 of its levels.
You visited the Abyss 1 time.

You collected 71 gold pieces.


   Skills:
 - Level 2.4 Fighting
 * Level 2.8 Short Blades
 - Level 0.7 Armour
 + Level 3.0 Dodging
 + Level 2.4 Invocations


You had one spell level left.
You didn't know any spells.
Your spell library contained the following spells:

 Spells                   Type           Power      Damage    Failure   Level
 Corpse Rot               Necr/Air       0%         N/A       52%         2
 Poisonous Vapours        Pois/Air       0%         N/A       52%         2

Inventory:

Hand Weapons
 a - a +2 short sword of freezing (weapon)
Missiles
 e - 6 stones
 g - 22 arrows
Armour
 b - a +0 leather armour (worn)
 h - a +0 pair of boots (worn)
   (You found it on level 1 of the Dungeon)
 i - a +1 hat of willpower (worn)
   (You found it on level 1 of the Dungeon)
Jewellery
 C - a ring of ice
   (You found it on level 1 of the Dungeon)
Scrolls
 c - a scroll of brand weapon
 d - a scroll of enchant weapon
 f - a scroll of immolation {unknown}

Dungeon Overview and Level Annotations

Branches:
Dungeon (2/15)

Altars:

Shops:
D:1 ?

Annotations:
D:1 Terence

#.#.......###.#..##......#
#...#.#.###
#........#.##### #####.#.#
##.#.##........# #...#.#
#...##..#.###.# #.....###
##..#.......#.# #.....'.#
#..#.#.≈)..#.# #.....###
#..#..≈≈≈..#.# #.....#
##@###.≈≈....# #.....#
#@....#≈≈#### #.....#
#####.#≈≈# ####### #.#.≈#
###### #.#.≈# #....#
#..≈≈## #.#### #...≈≈# #.#
#.###≈# #.# #.# #≈# ####.#
#.# ###


You could see Terence.


Message History

There is an entrance to Lenumacw's Magic Scroll Emporium here.
You can access your shopping list by pressing '$'. 😎 HP[+6]
Your hp is fully restored (18).
There is a fountain of clear blue water here.
Found a stone staircase leading down.
Key pressed, stopping explore.
i - a +1 hat of willpower You start putting on your armour.
You continue putting on your +1 hat of willpower. x4
You finish putting on your +1 hat of willpower.
You feel strong-willed.
You open the door.
There is an open door here.
You open the door.
There is an open door here.
There is an open door here.
Key pressed, stopping explore.
You open the door. You open the door.
A kobold comes into view. It is wielding a +0 dagger.
The kobold shouts!
You hit the kobold. You freeze the kobold.
You kill the kobold!
Lugonu accepts your kill.
e - 6 stones (gained 2)
Things that are here:
a +0 dagger; a kobold corpse Done exploring.
Done exploring.
Done exploring.
Okay, then.
As you read the scroll labelled IDEPNEAKYO, it crumbles to dust.
It is a scroll of enchant weapon.
Your +1 short sword of freezing glows red for a moment.
As you read the scroll labelled LEYGAOHIERCH, it crumbles to dust.
It is a scroll of identify.
You don't have any unidentified items.
Things that are here:
a +0 dagger; a kobold corpse
There is a stone staircase leading down here.
You climb downwards.
Found a scroll of enchant weapon.
Found an escape hatch in the floor.
Found a stone staircase leading down.
There is a stone staircase leading up here.
There is a stone staircase leading down here.
d - a scroll of enchant weapon A giant cockroach comes into view.
You hit the giant cockroach. You freeze the giant cockroach.
You kill the giant cockroach!
Lugonu accepts your kill.
Your Dodging skill increases to level 3!
f - a scroll labelled ZYSEHAU ZULIJU
There is an escape hatch in the floor here.
You open the door.
An endoplasm comes into view.
There is an open door here.
The endoplasm hits you but does no damage.
You hit the endoplasm. You freeze the endoplasm.
You kill the endoplasm!
Lugonu accepts your kill.
Terence the Incautious comes into view.
He is wielding a +0 flail.
Terence shouts!
You hear an angry hiss.
A goblin comes into view. It is wielding a +0 club.
A ball python comes into view.
There is an open door here.
There is a stone staircase leading up here.
Terence screams, "I want your blood!" Terence hits you with a +0 flail.
You climb upwards.
There is a stone staircase leading down here. 😮 HP[-5]
You take 5 damage, and now have 13/18 hp.
MASSIVE DAMAGE!! (PAUSE)
You hit Terence. You freeze Terence. Terence shouts, "Now you die!"
Terence closely misses you.
You hit Terence but do no damage.
Terence screams, "I'm going to kill you!"
Terence hits you with a +0 flail. 😮 HP[-2]
You take 2 damage, and now have 11/18 hp.
You hit Terence. You freeze Terence. Terence hits you but does no damage.
You hit Terence but do no damage. Terence looks scornfully at you.
Terence hits you but does no damage.
You hit Terence. You freeze Terence. Terence hits you with a +0 flail.
* * * LOW HITPOINT WARNING * * *
😨 HP[-6]
You take 6 damage, and now have 5/18 hp.
MASSIVE DAMAGE!! (PAUSE)
You hit Terence but do no damage. Terence screams, "I want your blood!"
Terence hits you but does no damage.
You closely miss Terence. Terence hits you with a +0 flail.
* * * LOW HITPOINT WARNING * * *
😱 HP[-2]
You take 2 damage, and now have 3/18 hp.
You hit Terence but do no damage. Terence hits you with a +0 flail.
You die...

Skill      XL: |  1  2 |
---------------+-------+-----
Dodging        | 3 |  3.0
Fighting       | |  2.4
Short Blades   | |  2.8
Armour         | |  0.7
Invocations    | |  2.4

Action                   || total
-------------------------++-------
Melee: Short sword       ||    69
Invok: Depart the Abyss  ||     1
  Use: Scroll            ||     3
Armor: Leather armour    ||    17
Dodge: Dodged            ||    45

Levels and vault maps discovered:
D:1:      wander_arrival_fairy_ring, layout_basic, serial_shops, shop_fountains,
          minmay_misc_feat_five, chequers_serial_rivers_small_a
D:2:      layout_basic, shapermc_ecumenical_altar_mp_vishouse, uniq_natasha,
          uniq_terence

Notes
Turn   | Place    | Note
-------+----------+-------------------------------------------
     0 | Abyss:1  | spiderkeys the Deep Elf Abyssal Knight began the quest for
                  | the Orb.
     0 | Abyss:1  | Reached XP level 1. HP: 13/13 MP: 4/4
     0 | Abyss:1  | magus.rc [v1.9.10]
   428 | Abyss:1  | Noticed a flying skull
   429 | Abyss:1  | Noticed a flying skull
   448 | Abyss:1  | Noticed a wretched star
   452 | D:1      | You pass through the gate.
   452 | D:1      | Escaped the Abyss
   696 | D:1      | Reached XP level 2. HP: 17/18 MP: 5/5
   929 | D:1      | You pick up a book of Vapours and begin reading...
   929 | D:1      | You add the spells Poisonous Vapours and Corpse Rot to your
                  | library.
   956 | D:1      | Reached * piety under Lugonu
  1190 | D:1      | Found Lenumacw's Magic Scroll Emporium.
  1543 | D:2      | Reached skill level 3 in Dodging
  1559 | D:2      | Noticed Terence
  1585 | D:1      | HP: 3/18 [Terence (2)]
  1586 | D:1      | Slain by Terence

Vanquished Creatures
  2 dart slugs (D:1)
  4 ball pythons (D:1)
  3 bats (D:1)
  2 endoplasms
  A giant cockroach (D:2)
  A hobgoblin (D:1)
  3 quokkas (D:1)
  4 kobolds (D:1)
  A rat (D:1)
21 creatures vanquished.

Table legend:
 A = Non-vault XP
 B = Vault XP
 C = Vault XP percentage of total XP
 D = Non-vault monster count
 E = Vault monster count
 F = Vault count percentage of total count
                 A         B        C        D         E       F
            +---------+---------+-------+---------+---------+-------
      Total |      40 |       0 |   0.0 |      21 |       0 |   0.0
            +---------+---------+-------+---------+---------+-------
        D:1 |      36 |       0 |   0.0 |      19 |       0 |   0.0
        D:2 |       4 |       0 |   0.0 |       2 |       0 |   0.0
            +---------+---------+-------+---------+---------+-------

Illustrated notes

Table legend:
 A = Kills in this place as a percentage of kills in entire the game.
 B = Kills by you in this place as a percentage of kills by you in the entire game.
 C = Kills by friends in this place as a percentage of kills by friends in the entire game.
 D = Other kills in this place as a percentage of other kills in the entire game.
 E = Experience gained in this place as a percentage of experience gained in the entire game.
 F = Experience gained in this place divided by the number of levels of this place that you have seen.
                   A       B       C       D       E      F
               +-------+-------+-------+-------+-------+----------------------
         Total | 100.0 | 100.0 |   N/A |   N/A | 100.0 |  13.3
       Dungeon | 100.0 | 100.0 |   N/A |   N/A | 100.0 |  20.0
               +-------+-------+-------+-------+-------+----------------------

Table legend: (Time is in decaauts)
 A = Elapsed time spent in this place.
 B = Non-inter-level travel time spent in this place.
 C = Inter-level travel time spent in this place.
 D = Time resting spent in this place.
 E = Time spent auto-exploring this place.
 F = Levels seen in this place.
 G = Mean time per level.
                   A        B        C        D        E       F      G
               +--------+--------+--------+--------+--------+-----+--------+
         Total |   1587 |   1546 |     41 |      0 |   1339 |   3 |  529.0 |
       Dungeon |   1135 |   1094 |     41 |      0 |    913 |   2 |  567.5 |
         Abyss |    452 |    452 |      0 |      0 |    426 |   1 |  452.0 |
               +--------+--------+--------+--------+--------+-----+--------+

Top non-repeatable levels by time:
     D:1: 1087 daAuts
 Abyss:1: 452 daAuts
     D:2: 47 daAuts
